 Dungeon Crawl Stone Soup version 0.28.0-53-g5a82cb258f (webtiles) character file.

Game seed: 5436956771851355531

175 Duralumin the Chopper (level 5, -3/41 HPs)
             Began as a Formicid Fighter on Aug 21, 2022.
             Slain by an orc
             ... wielding a +0 flail
              (5 damage)
             ... on level 4 of the Dungeon.
             The game lasted 00:06:06 (2982 turns).

Duralumin the Chopper (Formicid Fighter)            Turns: 2982, Time: 00:06:07

Health: -3/41      AC:  6    Str: 23    XL:     5   Next: 86%
Magic:  0/5        EV:  9    Int:  7    God:
Gold:   73         SH:  4    Dex: 10    Spells: 4/4 levels left

rFire   . . .      SeeInvis +   r - +0 hand axe (elec)
rCold   . . .      Faith    .   c - +0 buckler
rNeg    . . .      Spirit   +   b - +0 scale mail
rPois   .          Reflect  .   (helmet unavailable)
rElec   .          Harm     .   (no cloak)
rCorr   .          Rampage  .   (no gloves)
Will    .....                   (no boots)
Stlth   ..........              j - amulet of guardian spirit
HPRegen 0.13/turn               f - +4 ring of slaying
MPRegen 0.09/turn               (no ring)

@: no status effects
A: permanent stasis, dig shafts and tunnels, antennae 3, four strong arms
a: Dig, Shaft Self


You were on level 4 of the Dungeon.
You visited 1 branch of the dungeon, and saw 4 of its levels.

You collected 73 gold pieces.

Inventory:

Hand Weapons
 a - a +0 war axe
 r - a +0 hand axe of electrocution (weapon)
Missiles
 g - 10 poisoned darts
Armour
 b - a +0 scale mail (worn)
 c - a +0 buckler (worn)
Jewellery
 f - a +4 ring of slaying (left hand)
 h - a ring of wizardry
 j - an amulet of guardian spirit (around neck)
Wands
 q - a wand of iceblast (9)
Scrolls
 i - 2 scrolls of immolation {unknown}
 l - a scroll of fog {unknown}
 m - a scroll of amnesia {unknown}
 o - a scroll of enchant weapon {unknown}
 s - a scroll of identify {unknown}
Potions
 d - a potion of might
 e - a potion of lignification {unknown}
 k - a potion of brilliance {unknown}
 n - 2 potions of heal wounds {unknown}
 p - a potion of degeneration {unknown}


   Skills:
 - Level 3.2 Fighting
 + Level 5.6 Axes
 - Level 3.2 Armour
 - Level 3.6 Shields


You had 4 spell levels left.
You didn't know any spells.
Your spell library contained the following spells:

 Spells                   Type           Power      Damage    Failure   Level
 Apportation              Tloc           0%         N/A       82%         1
 Gell's Gravitas          Tloc           0%         N/A       99%         3
 Teleport Other           Tloc           0%         N/A       99%         3
 Alistair's Intoxication  Tmut/Pois      0%         N/A       100%        5
 Conjure Ball Lightning   Conj/Air       0%         3x3d6     100%        6
 Dispersal                Tloc           0%         N/A       100%        6
 Discord                  Hex            0%         N/A       100%        8
 Disjunction              Tloc           0%         N/A       100%        8


Dungeon Overview and Level Annotations

Branches:
Dungeon (4/15)
 Temple: D:4-7

Altars:

Shops:
D:2 =   D:3 !


Innate Abilities, Weirdness & Mutations

You cannot be hasted, slowed, berserked, paralysed or teleported.
You can dig through walls and to a lower floor.
You have a pair of large antennae on your head. (SInv)
Your four strong arms can wield two-handed weapons with a shield.


Message History

A kobold comes into view. It is wielding a +0 short sword.
The orc barely misses you.
You hit the orc. Lightning courses through the orc!
You kill the orc!
The orc priest calls down the wrath of Beogh upon you.
Beogh smites you!
You are too injured to fight recklessly!
You are too injured to fight recklessly!
Okay, then.
Things that are here:
a +0 club; a +0 chain mail; an orc corpse The orc priest calls down the wrath of Beogh upon you.
Pain shoots through your body!
The orc priest invokes the aid of Beogh against you.
Beogh smites you!
* * * LOW HITPOINT WARNING * * *
Okay, then.
Unknown command.
Unknown command.
Unknown command.
Unknown command.
Unknown command.
Unknown command.
Unknown command.
Unknown command.
Unknown command.
Unknown command.
Unknown command.
Unknown command.
Okay, then.
Unknown command.
Unknown command.
Okay, then.
Unknown command.
Unknown command.
Unknown command.
Unknown command.
Unknown command.
You closely miss the orc. The orc hits you with a +0 flail.
You die...

..............#
...#....###.#.#
#...K# #.#...
#...o# #.# ..#{
#....# #.# ..#
#....# #.# ..
#....# #.# ...
.###...o###..
........@#
.###.....#
#####.# #.# #.#
#.# #.######.#
#........#######
#.....#.........


You could see an orc priest, an orc and a kobold.

Vanquished Creatures
  4 gnolls (D:3)
  4 adders
  An ufetubus (D:3)
  5 worms
  2 dart slugs (D:3)
  5 orcs
  4 endoplasms
  2 giant cockroaches
  5 goblins
  4 hobgoblins
  7 jackals
  2 quokkas
  4 ball pythons
  10 bats
  5 frilled lizards
  7 kobolds
  4 rats
75 creatures vanquished.

Notes
Turn   | Place    | Note
-------+----------+-------------------------------------------
     0 | D:1      | Duralumin the Formicid Fighter began the quest for the Orb.
     0 | D:1      | Reached XP level 1. HP: 18/18 MP: 1/1
   241 | D:1      | Reached XP level 2. HP: 18/24 MP: 2/2
   315 | D:1      | Found a faded altar of an unknown god.
   559 | D:1      | Reached skill level 3 in Axes
   759 | D:1      | Reached XP level 3. HP: 29/29 MP: 3/3
  1216 | D:2      | Found Paschiet's Jewellery Emporium.
  1231 | D:2      | Reached skill level 4 in Axes
  1231 | D:2      | Reached XP level 4. HP: 11/35 MP: 4/4
  2288 | D:3      | Found Ilaimel's Distillery.
  2305 | D:3      | Reached XP level 5. HP: 38/41 MP: 5/5
  2318 | D:3      | Reached skill level 5 in Axes
  2980 | D:4      | HP: 1/41 [orc priest/divine providence (13)]
  2982 | D:4      | Slain by an orc

Illustrated notes

Levels and vault maps discovered:
D:1:      dpeg_arrival_erosion, layout_basic,
          dreamdust_ecumenical_altar_angels_and_demons
D:2:      layout_loops_ring, serial_shops, nicolae_square_shop
D:3:      layout_basic, serial_shops, nicolae_shop_trees,
          minmay_tree_intersection, nicolae_wormholes
D:4:      layout_basic, ebering_ghost_gozag

Skill      XL: |  1  2  3  4  5 |
---------------+----------------+-----
Axes           | 3 4 5 |  5.6
Fighting       | |  3.2
Armour         | |  3.2
Shields        | |  3.6

Action                   |  1- 3 |  4- 6 || total
-------------------------+-------+-------++-------
Melee: War axe           |    84 |    75 ||   159
       Hand axe          |       |    10 ||    10
 Abil: Dig               |     1 |       ||     1
  Use: Potion            |     1 |     1 ||     2
Armor: Scale mail        |    46 |    21 ||    67
Dodge: Dodged            |    40 |    28 ||    68
Block: Buckler           |    27 |    15 ||    42
